Map: Dusty Gorge

Players

kea - Winner!

  • Race: Terran Terran
  • Spawn Location: 9:00

ILIEKEGGPIE - Winner!

  • Race: Protoss Protoss
  • League: Platinum
  • Spawn Location: 11:00

QUETZALCOATL

  • Race: Zerg Zerg
  • Spawn Location: 3:00

Arnold

  • Race: Protoss Protoss
  • Spawn Location: 5:00

VOD

Have the link to the VOD?

Description

Time

  • Played on: May 31, 2018, 1:56 p.m.
  • Length: 10:06
Show
View Real Time Build Order
Export as new Build Order

kea Terran - Winner!

Build Orders: MMM Bio 

Get SALT Encoding   

  12  0:01  SCV  
  13  0:13  SCV  
  14  0:20  Supply Depot  
  14  0:25  SCV  
  15  0:41  SCV  
  16  0:43  Barracks  
  16  0:54  Refinery  
  16  0:56  SCV  
  17  1:08  SCV  
  18  1:22  Barracks  
  18  1:23  SCV  
  19  1:31  Marine  
  19  1:32  Supply Depot  
  20  1:40  SCV  
  21  1:52  Marine  
  22  2:10  Command Center, Marine  
  22  2:12  SCV  
  24  2:18  Marine  
  25  2:25  Supply Depot  
  25  2:28  Marine  
  26  2:33  Orbital Command  
  26  2:36  Marine  
  27  2:46  Marine  
  28  2:53  Marine  
  28  2:55  Engineering Bay  
  29  3:04  Marine  
  30  3:07  SCV  
  30  3:11  Marine  
  32  3:15  Barracks  
  32  3:21  SCV  
  32  3:22  Marine  
  34  3:27  Missile Turret  
  34  3:29  Marine  
  34  3:31  SCV  
  36  3:38  Missile Turret  
  36  3:39  Marine  
  36  3:41  SCV  
  38  3:47  Marine  
  39  3:57  Marine  
  39  3:59  Barracks  
  39  4:02  Marine  
  40  4:05  Marine  
  40  4:07  Supply Depot  
  42  4:15  Marine  
  43  4:20  Marine  
  43  4:22  Marine  
  42  4:33  Marine  
  42  4:38  Marine  
  40  4:40  Marine  
  42  4:47  SCV  
  42  4:51  Marine  
  45  4:53  Refinery  
  45  4:56  Marine  
  45  4:57  Orbital Command  
  45  4:58  Marine  
  45  4:59  Marine  
  47  5:08  Marine  
  49  5:14  Factory  
  49  5:18  Barracks Tech Lab  
  50  5:22  Barracks Tech Lab  
  50  5:24  Barracks Reactor  
  50  5:26  Marine  
  49  5:31  SCV x2  
  51  5:43  SCV  
  51  5:44  Marine, SCV  
  51  5:45  Supply Depot  
  51  5:48  Marine, Combat Shields  
  55  5:50  Stimpack  
  55  5:55  SCV  
  55  5:56  SCV  
  57  6:00  Starport  
  57  6:02  Marine, Factory Tech Lab  
  58  6:05  Marine  
  58  6:06  Marauder  
  58  6:07  Marauder  
  58  6:08  Terran Infantry Weapons Level 1, SCV x2  
  65  6:12  Supply Depot  
  65  6:27  Marauder  
  65  6:28  Marauder  
  69  6:36  Engineering Bay, SCV  
  69  6:37  SCV  
  71  6:41  Viking  
  73  6:47  Barracks  
  73  6:48  SCV  
  73  6:49  SCV  
  75  6:56  Marauder, Marine  
  78  7:09  Supply Depot  
  78  7:12  Supply Depot  
  78  7:13  Concussive Shells  
  78  7:16  Starport Reactor  
  78  7:27  Marauder x2, SCV x2  
  83  7:39  SCV  
  83  7:41  Marine x2  
  86  7:45  Barracks Tech Lab  
  86  7:48  Marauder  
  86  7:49  Marauder  
  86  7:50  SCV  
  91  7:51  SCV  
  91  7:52  Barracks  
  91  7:55  Command Center  
  91  7:57  Medivac  
  94  8:03  SCV x2  
  94  8:04  Supply Depot  
  96  8:06  Refinery  
  96  8:07  Refinery  
  96  8:09  Terran Infantry Armor Level 1  
  96  8:10  Marauder x2  
  100  8:20  Armory  
  100  8:27  Supply Depot  
  100  8:31  Marauder x2, SCV x2  
  106  8:35  Marine  
  107  8:45  Viking  
  109  8:53  Marauder x2  
  109  8:56  Marine x3  
  112  9:14  Marauder x2, Marine x3  
  119  9:25  Medivac  
  121  9:32  Marine x3  
  121  9:35  Marauder x2  
Show
View Real Time Build Order
Export as new Build Order

ILIEKEGGPIE Protoss - Winner!

Build Orders:  

Get SALT Encoding   

  12  0:01  Probe  
  13  0:13  Probe  
  14  0:22  Pylon  
  14  0:28  Probe  
  15  0:39  Probe  
  15  0:41  Gateway  
  15  0:48  Probe  
  16  0:53  Assimilator  
  17  1:00  Probe  
  18  1:10  Gateway  
  18  1:13  Probe  
  18  1:18  Pylon  
  19  1:36  Cybernetics Core  
  19  1:40  Probe  
  20  1:52  Probe  
  21  1:54  Assimilator  
  21  2:10  Probe  
  21  2:12  Nexus  
  22  2:17  Warp Gate  
  22  2:19  Adept  
  24  2:26  Probe  
  25  2:36  Adept  
  27  2:38  Probe  
  28  2:49  Adept  
  30  2:57  Robotics Facility  
  29  3:07  Adept  
  31  3:17  Pylon  
  31  3:24  Probe x2  
  33  3:36  Probe x2  
  33  3:37  Adept  
  37  3:45  Probe  
  37  3:48  Probe  
  39  3:53  Probe  
  39  4:00  Probe  
  39  4:02  Probe  
  42  4:12  Probe  
  43  4:23  Stalker, Probe  
  43  4:24  Stalker, Probe  
  41  4:28  Immortal  
  41  4:31  Pylon, Probe  
  43  4:36  Probe  
  49  4:41  Assimilator, Probe  
  50  4:48  Probe  
  51  4:53  Probe  
  52  5:00  Probe  
  52  5:02  Robotics Facility  
  52  5:05  Probe  
  52  5:06  Assimilator  
  54  5:12  Gateway  
  54  5:13  Probe  
  55  5:14  Gateway  
  55  5:17  Probe, Pylon  
  56  5:25  Probe  
  56  5:26  Pylon  
  57  5:30  Probe  
  57  5:34  Immortal  
  62  5:37  Gateway  
  62  5:39  Twilight Council  
  62  5:40  Probe  
  63  5:58  Nexus  
  63  6:01  Immortal  
  67  6:16  Pylon  
  67  6:32  Stalker  
  67  6:35  Pylon x2  
  67  6:38  Shield Battery  
  69  6:41  Shield Battery, Pylon  
  69  6:45  Shield Battery  
  69  6:46  Immortal  
  73  6:49  Shield Battery  
  73  6:52  Charge  
  73  6:57  Stalker  
  73  6:58  Stalker  
  73  6:59  Stalker x2  
  81  7:15  Templar Archives  
  81  7:26  Stalker x3  
  87  7:45  Immortal x2  
  87  7:47  Sentry x2  
  99  7:52  Probe x3  
  102  8:03  Assimilator  
  102  8:04  Probe  
  103  8:09  Assimilator  
  103  8:14  Stalker x3  
  109  8:22  Pylon  
  109  8:27  Probe x3  
  109  8:29  Pylon  
  109  8:32  Pylon  
  112  8:35  Pylon  
  112  8:39  Probe  
  101  9:09  Probe  
  102  9:12  Zealot, High Templar x2  
  102  9:13  Zealot x2  
  112  9:18  Archon  
  90  9:43  Stalker x3  
Show
View Real Time Build Order
Export as new Build Order

QUETZALCOATL Zerg 

Build Orders: Hatch First, Roach Nydus 

Get SALT Encoding   

  12  0:04  Drone  
  13  0:15  Drone  
  14  0:22  Overlord  
  14  0:40  Drone  
  14  0:41  Drone x2  
  17  1:00  Hatchery  
  16  1:12  Drone x2  
  18  1:19  Spawning Pool  
  18  1:24  Extractor  
  16  1:29  Drone x2  
  18  1:40  Drone  
  19  1:53  Drone, Extractor  
  19  2:02  Drone  
  20  2:10  Drone  
  20  2:11  Queen  
  20  2:13  Overlord  
  20  2:15  Queen  
  23  2:22  Drone  
  27  2:30  Drone  
  27  2:46  Roach Warren  
  27  2:48  Lair, Drone  
  27  2:49  Drone  
  28  3:08  Drone x3  
  28  3:11  Drone x2  
  28  3:12  Drone  
  34  3:23  Drone x2  
  34  3:24  Overlord  
  36  3:32  Overlord  
  36  3:38  Overlord  
  36  3:43  Drone x4  
  40  4:02  Roach x3  
  47  4:03  Roach x2  
  47  4:05  Roach  
  45  4:18  Roach  
  45  4:20  Roach x3  
  53  4:40  Overlord  
  53  4:41  Overlord x2  
  53  4:58  Queen x2  
  53  4:59  Nydus Network  
  56  5:09  Roach x3  
  56  5:13  Overlord  
  62  5:23  Roach x2  
  62  5:24  Roach  
  68  5:33  Roach x2  
  72  5:44  Roach x2  
  72  5:47  Overlord  
  72  5:49  Overlord  
  76  6:02  Overlord  
  76  6:07  Nydus Canal  
  76  6:09  Overseer  
  76  6:11  Roach x2  
  76  6:14  Roach  
  82  6:36  Roach x3  
  82  6:37  Roach x2  
  82  6:38  Roach  
  94  7:16  Nydus Canal  
  94  7:21  Roach x2  
  94  7:22  Roach  
  100  7:23  Overlord x3  
  96  7:41  Queen  
  96  7:42  Queen  
  96  7:45  Overseer  
  96  7:50  Zergling x4  
  98  7:52  Roach x2  
  102  8:10  Roach x2  
  102  8:11  Roach  
  102  8:12  Roach  
  110  8:49  Nydus Canal  
  110  9:02  Roach  
  110  9:17  Ravager  
Show
View Real Time Build Order
Export as new Build Order

Arnold Protoss 

Build Orders: 1 Gate Expand 

Get SALT Encoding   

  12  0:02  Probe  
  13  0:14  Probe  
  14  0:28  Pylon  
  14  0:30  Probe  
  15  0:42  Probe  
  16  0:50  Probe  
  17  0:57  Gateway  
  17  1:00  Probe  
  18  1:14  Probe  
  18  1:15  Assimilator  
  19  1:25  Nexus  
  19  1:28  Probe  
  20  1:40  Probe  
  20  1:42  Pylon  
  21  1:52  Probe, Cybernetics Core  
  22  2:04  Probe  
  23  2:12  Gateway  
  23  2:16  Probe  
  23  2:18  Gateway  
  24  2:26  Assimilator  
  24  2:29  Stalker  
  26  2:41  Shield Battery  
  26  2:45  Warp Gate  
  26  2:47  Probe, Pylon  
  27  2:55  Probe  
  28  3:08  Stalker  
  28  3:10  Sentry  
  32  3:15  Probe, Forge  
  32  3:19  Probe  
  34  3:23  Sentry  
  36  3:27  Probe  
  36  3:31  Probe  
  36  3:33  Pylon  
  38  3:44  Probe x2  
  40  3:55  Photon Cannon  
  40  3:58  Probe  
  40  4:00  Probe, Photon Cannon  
  48  4:47  Pylon  
  48  4:49  Assimilator, Probe x2  
  48  4:51  Protoss Ground Weapons Level 1  
  44  4:53  Assimilator  
  44  5:00  Robotics Facility  
  44  5:01  Probe x2  
  44  5:04  Stalker x2  
  44  5:05  Stalker  
  52  5:13  Probe  
  53  5:16  Probe  
  54  5:25  Probe, Photon Cannon  
  55  5:29  Stalker x2, Probe  
  55  5:30  Stalker  
  62  5:37  Probe  
  62  5:41  Probe  
  64  5:47  Pylon  
  64  5:49  Probe  
  65  5:50  Pylon  
  65  6:07  Stargate  
  65  6:08  Stargate  
  65  6:10  Stargate  
  65  6:17  Observer  
  66  6:23  Protoss Air Weapons Level 1  
  66  6:30  Nexus  
  66  6:50  Pylon  
  66  6:53  Void Ray x2  
  74  6:54  Void Ray, Pylon  
  74  7:00  Immortal  
  82  7:02  Protoss Shields Level 1  
  82  7:10  Pylon  
  83  7:15  Probe x2  
  83  7:16  Photon Cannon  
  83  7:19  Assimilator  
  84  7:23  Assimilator  
  84  7:27  Probe  
  85  7:35  Void Ray  
  85  7:36  Void Ray  
  93  7:53  Void Ray, Probe x3  
  96  8:05  Probe x3  
  103  8:10  Void Ray  
  103  8:16  Void Ray  
  111  8:37  Void Ray  
  115  8:45  Void Ray  
  105  9:02  Void Ray  
  79  9:09  Stalker x2  
  79  9:10  Stalker  
  85  9:18  Void Ray  
  93  9:38  Probe x3  
Tags
 
Add a new tag
Caveats
  • Supply blocks, unpowered buildings, or Contaminate may cause inaccurate times.
  • Supply counts are checked every 10 seconds.